 Dungeon Sprint DCSS version 0.28.0-43-g3370ac3207 (webtiles) character file.

Game seed: 18055290387643970059

11517 boopmooplesden the Brawler (level 11, -5/118 HPs)
             Began as a Minotaur Berserker on Mar 17, 2022.
             Was the Champion of Trog.
             Slain by a centaur warrior (8 damage)
             ... in the Dungeon (Sprint II: "The Violet Keep of Menkaure").
             The game lasted 00:05:16 (1837 turns).

boopmooplesden the Brawler (Minotaur Berserker)     Turns: 1837, Time: 00:05:17

Health: -5/118     AC: 18    Str: 25      XL:     11   Next: 50%
Magic:  10/10      EV: 10    Int:  4      God:    Trog [******]
Gold:   1104       SH:  0    Dex:  5 (6)  Spells: 10/10 levels left

rFire   + . .      SeeInvis +   h - +10 executioner's axe of Exoneration {flame, rF+}
rCold   + + +      Faith    .   (shield currently unavailable)
rNeg    . . .      Spirit   .   i - +1 chain mail of Pantheism {rC+++ Regen+ Dex-5 SInv}
rPois   .          Reflect  .   (helmet restricted)
rElec   .          Harm     .   j - +0 cloak {Stlth+}
rCorr   .          Rampage  .   (no gloves)
Will    .....      NoTele   +   k - +1 pair of boots
Stlth   ..........              (no amulet)
HPRegen 1.09/turn               (no ring)
MPRegen 0.12/turn               (no ring)

@: slowed, very slow
A: horns 2, retaliatory headbutt, deterioration 1, screaming 1
a: Renounce Religion, Berserk, Trog's Hand, Brothers in Arms


You were in the Dungeon.
You worshipped Trog.
Trog was exalted by your worship.
You visited 1 branch You collected 1628 gold pieces.
You spent 524 gold pieces at shops.

Inventory:

Hand Weapons
 h - the +10 executioner's axe of Exoneration (weapon) {flame, rF+}
   (Trog gifted it to you in the Dungeon)

   It burns those it strikes, dealing additional fire damage.
   Big, fiery blades are also staple armaments of hydra-hunters.
   rF:        It protects you from fire.
 l - a +4 dire flail of venom
Armour
 a - a +0 animal skin
 i - the +1 chain mail of Pantheism (worn) {rC+++ Regen+ Dex-5 SInv}
   (You bought it in a shop in the Dungeon)

   Dex:       It affects your dexterity (-5).
   rC:        It renders you almost immune to cold.
   SInv:      It lets you see invisible.
   Regen:     It increases your rate of health regeneration.
 j - a +0 cloak of stealth (worn)
 k - a +1 pair of boots (worn)
 o - a +0 troll leather armour
Scrolls
 g - a scroll of blinking
 r - a scroll of fog
 u - a scroll of fear
Potions
 b - 2 potions of curing
 c - a potion of heal wounds
 e - 5 potions of magic
 f - a potion of berserk rage
 m - 5 potions of flight
 n - a potion of experience {unknown}
 q - 3 potions of resistance
 s - 2 potions of brilliance
 t - a potion of attraction
 x - a potion of invisibility {unknown}
 z - a potion of mutation


   Skills:
 + Level 17.7 Fighting
 + Level 10.9 Axes
 + Level 14.3 Armour
 + Level 9.5 Dodging
 + Level 1.8 Stealth
 + Level 19.9 Unarmed Combat


You had 10 spell levels left.
You didn't know any spells.
Your spell library was empty.

Dungeon Overview and Level Annotations

Branches:
Dungeon (1/1)

Altars:
Cheibriados
Dithmenos
Elyvilon
Fedhas
Gozag
Hepliaklqana
Kikubaaqudgha
Makhleb
Nemelex Xobeh
Okawaru
Qazlal
Ru
Sif Muna
Trog
Uskayaw
Vehumet
Wu Jian
Xom
Yredelemnul
Zin
The Shining One
Beogh
Jiyva
Lugonu

Shops:
D :[!:*=?[?(=!![:

Annotations:
D exclusions: oklob plant and orange crystal statue


Innate Abilities, Weirdness & Mutations

You have a pair of horns on your head.
You reflexively headbutt those who attack you in melee.
Your body sometimes deteriorates upon taking damage.
You occasionally shout uncontrollably at your foes.


Message History

The centaur warrior hits you but does no damage.
The centaur warrior kicks you.
* * * LOW HITPOINT WARNING * * *
You hit the centaur warrior. You burn the centaur warrior.
The centaur warrior is heavily wounded.
The centaur warrior hits you but does no damage.
The centaur warrior kicks you but does no damage.
The centaur warrior hits you!
* * * LOW HITPOINT WARNING * * *
The centaur warrior kicks you but does no damage.
The centaur warrior barely misses you. You furiously retaliate!
You headbutt the centaur warrior, but do no damage.
The centaur warrior kicks you but does no damage.
The centaur warrior misses you.
The centaur warrior kicks you but does no damage.
The centaur warrior barely misses you.
The centaur warrior kicks you but does no damage.
You closely miss the centaur warrior.
The centaur warrior is heavily wounded.
The centaur warrior hits you.
* * * LOW HITPOINT WARNING * * *
The centaur warrior closely misses you. The centaur warrior hits you.
* * * LOW HITPOINT WARNING * * *
The centaur warrior kicks you.
* * * LOW HITPOINT WARNING * * *
The centaur warrior hits you.
* * * LOW HITPOINT WARNING * * *
The centaur warrior kicks you but does no damage.
The centaur warrior hits you but does no damage.
The centaur warrior kicks you but does no damage.
You slash the centaur warrior! You burn the centaur warrior.
You headbutt the centaur warrior!
The centaur warrior is severely wounded.
The centaur warrior closely misses you.
The centaur warrior kicks you but does no damage.
The centaur warrior closely misses you. x2; The centaur warrior hits you!
* * * LOW HITPOINT WARNING * * *
The centaur warrior kicks you but does no damage.
The centaur warrior hits you!
You die...

*,,,,*,,Kc.≈##§≈≈§§≈≈**,≈,,^,,*
############≈≈#''§#+++##***,,,,*
###########≈≈≈...§Y....#,,+,^,,*
##....∩...#≈≈≈≈.##)##..#,,***#.*
##...∩.∩..#≈≈≈≈##)#.##.####,,+.#
##..∩.∩...#≈≈≈≈#..#..#,...#,,*..
##.⌠.∩....#≈≈####.#.####..##**#.
##..∩.∩...#≈##c###'###.##..#,,+.
##...∩.∩..#≈##.@##.##.#.#..#,,#.
##....∩.∩.'≈'.##'.<.'##.'..####.
##.....∩.∩#≈##..##†###..#....###
#▓▓▓▓▓▓▓###≈##.###'###.##......≈
##?hx######≈≈####...####§≈.§...≈
#?hx#h,+^##≈≈≈#..#..#≈≈≈§≈§≈..≈
#∩Ph+?,*+*#'#≈##.#.##≈≈≈≈≈≈≈§.≈
#$.$*!**,*#.#≈≈##+##≈≈§≈≈≈§§§≈≈
#($.***,,,###*≈≈≈≈≈≈≈≈≈≈§§≈≈≈≈≈


You could see a centaur warrior (berserk).

Vanquished Creatures
  2 sphinxes (D)
  A kraken (D)
  Kirke (D)
  A yaktaur captain (D)
  2 boulder beetles (D)
  An iron elemental (D)
  A skeletal warrior (D)
  2 deep trolls (D)
  An elephant (D)
  A yaktaur (D)
  A kobold demonologist (D)
  3 polar bears (D)
  A hornet (D)
  A blink frog (D)
  4 neqoxecs (D)
  Menkaure (D)
  4 water moccasins (D)
  4 necrophages (D)
  4 scorpions (D)
  2 tentacles (D)
38 creatures vanquished.

Vanquished Creatures (others)
  16 tentacles (D)
16 creatures vanquished.

Grand Total: 54 creatures vanquished

Notes
Turn   | Place    | Note
-------+----------+-------------------------------------------
     0 | D        | boopmooplesden the Minotaur Berserker began the quest for
                  | the Orb.
     0 | D        | Reached XP level 1. HP: 19/19 MP: 0/0
     1 | D        | Noticed a neqoxec
     7 | D        | Noticed a neqoxec
     8 | D        | Killed a neqoxec
     9 | D        | Reached skill level 7 in Unarmed Combat
     9 | D        | Reached XP level 2. HP: 28/35 MP: 1/1
     9 | D        | Reached XP level 3. HP: 33/40 MP: 2/2
     9 | D        | Reached XP level 4. HP: 40/48 MP: 3/3
    13 | D        | Killed a neqoxec
    14 | D        | Reached skill level 9 in Unarmed Combat
    14 | D        | Reached XP level 5. HP: 49/58 MP: 4/4
    15 | D        | Noticed a water moccasin
    16 | D        | Noticed a neqoxec
    19 | D        | Killed a water moccasin
    19 | D        | Reached ** piety under Trog
    19 | D        | Gained mutation: Your body sometimes deteriorates upon
                  | taking damage. [a neqoxec]
    19 | D        | Noticed a neqoxec
    20 | D        | Reached skill level 10 in Fighting
    20 | D        | Reached skill level 5 in Armour
    20 | D        | Reached skill level 5 in Dodging
    20 | D        | Reached skill level 10 in Unarmed Combat
    20 | D        | Reached XP level 6. HP: 32/67 MP: 5/5
    21 | D        | Gained mutation: You occasionally shout uncontrollably at
                  | your foes. [a neqoxec]
    24 | D        | Killed a neqoxec
    25 | D        | Reached skill level 11 in Unarmed Combat
    30 | D        | Killed a neqoxec
    31 | D        | Reached XP level 7. HP: 14/75 MP: 6/6
   301 | D        | Reached *** piety under Trog
   302 | D        | Reached skill level 12 in Unarmed Combat
   340 | D        | Noticed a boulder beetle
   340 | D        | Noticed a boulder beetle
   347 | D        | Reached skill level 13 in Unarmed Combat
   348 | D        | Reached **** piety under Trog
   349 | D        | Reached XP level 8. HP: 86/86 MP: 7/7
   381 | D        | Found Koehes's Book Shop.
   381 | D        | Found Salan's Distillery.
   381 | D        | Found Raats's Distillery.
   381 | D        | Found Punon's Magic Scroll Boutique.
   381 | D        | Found Tuylanam's Antique Armour Shop.
   381 | D        | Found Teulipsumm's Jewellery Shop.
   381 | D        | Found Axoniq's Magic Scroll Boutique.
   382 | D        | Found Diallam's Jewellery Boutique.
   382 | D        | Found Esekh's General Store.
   382 | D        | Found Waahyrgh's Book Boutique.
   383 | D        | Found Waufiu's Armour Boutique.
   383 | D        | Found Zeoboari's Antique Weapon Shop.
   383 | D        | Found Kileav's Distillery.
   383 | D        | Found Asau's Antique Armour Boutique.
   387 | D        | Noticed a blink frog
   396 | D        | Killed a blink frog
   397 | D        | Reached skill level 14 in Unarmed Combat
   407 | D        | Noticed Menkaure
   428 | D        | Killed Menkaure
   428 | D        | Reached ***** piety under Trog
   549 | D        | Noticed an oklob plant
   550 | D        | Found Egaceho's Book Shoppe.
   554 | D        | Noticed a hell hog
   554 | D        | Noticed a hell hog
   558 | D        | Bought a steaming chain mail for 180 gold pieces
   558 | D        | Identified the +1 chain mail of Pantheism {rC+++ Regen+
                  | Dex-5 SInv} (You bought it in a shop in the Dungeon)
   568 | D        | Noticed an unseen horror
   570 | D        | Bought an embroidered cloak for 172 gold pieces
   570 | D        | Bought a pair of embroidered boots for 172 gold pieces
   582 | D        | Noticed an unseen horror
   632 | D        | Found an iron altar of Okawaru.
   632 | D        | Found an opulent altar of Gozag.
   633 | D        | Found a sparkling altar of Nemelex Xobeh.
   633 | D        | Found a blossoming altar of Fedhas.
   634 | D        | Found a radiant altar of Vehumet.
   634 | D        | Found a burning altar of Makhleb.
   634 | D        | Found a white marble altar of Elyvilon.
   635 | D        | Found a hide-covered altar of Uskayaw.
   635 | D        | Found a corrupted altar of Lugonu.
   635 | D        | Found a shadowy altar of Dithmenos.
   636 | D        | Found a glowing silver altar of Zin.
   636 | D        | Found a bloodstained altar of Trog.
   636 | D        | Found an ancient bone altar of Kikubaaqudgha.
   637 | D        | Found a basalt altar of Yredelemnul.
   637 | D        | Found a shimmering blue altar of Sif Muna.
   637 | D        | Found a viscous altar of Jiyva.
   638 | D        | Found a shimmering altar of Xom.
   638 | D        | Found a sacrificial altar of Ru.
   639 | D        | Found a glowing golden altar of the Shining One.
   639 | D        | Found an ornate altar of the Wu Jian Council.
   640 | D        | Noticed a yaktaur
   640 | D        | Noticed a hornet
   640 | D        | Noticed a polar bear
   640 | D        | Noticed a polar bear
   644 | D        | Killed a polar bear
   646 | D        | Noticed a polar bear
   647 | D        | Killed a polar bear
   648 | D        | Reached skill level 15 in Unarmed Combat
   650 | D        | Killed a hornet
   650 | D        | Received a gift from Trog
   651 | D        | Reached XP level 9. HP: 96/96 MP: 8/8
   655 | D        | Killed a yaktaur
   656 | D        | Reached skill level 16 in Unarmed Combat
   658 | D        | Killed a polar bear
   668 | D        | Found a stormy altar of Qazlal.
   762 | D        | Noticed a kraken
   788 | D        | Reached skill level 15 in Fighting
   791 | D        | Reached skill level 17 in Unarmed Combat
  1226 | D        | HP: 2/145 [tentacle[a kraken] (7)]
  1227 | D        | Killed a kraken
  1228 | D        | Reached skill level 1 in Stealth
  1228 | D        | Reached skill level 18 in Unarmed Combat
  1228 | D        | Reached XP level 10. HP: 2/106 MP: 9/9
  1319 | D        | Found a hazy altar of Hepliaklqana.
  1319 | D        | Found a snail-covered altar of Cheibriados.
  1327 | D        | Noticed a deep troll
  1327 | D        | Noticed a deep troll
  1332 | D        | Killed a deep troll
  1338 | D        | Killed a deep troll
  1338 | D        | Identified the +10 executioner's axe of Exoneration {flame,
                  | rF+} (Trog gifted it to you in the Dungeon)
  1338 | D        | Received a gift from Trog
  1339 | D        | Reached skill level 10 in Armour
  1376 | D        | Noticed a sphinx
  1377 | D        | Noticed a sphinx
  1379 | D        | Killed a sphinx
  1380 | D        | Reached skill level 1 in Axes
  1380 | D        | Reached skill level 19 in Unarmed Combat
  1381 | D        | Killed a sphinx
  1484 | D        | Killed a boulder beetle
  1489 | D        | Killed a boulder beetle
  1490 | D        | Reached skill level 5 in Axes
  1490 | D        | Reached XP level 11. HP: 35/117 MP: 10/10
  1669 | D        | Noticed an orange crystal statue
  1672 | D        | Noticed Kirke
  1672 | D        | Noticed a yaktaur captain
  1672 | D        | Noticed a skeletal warrior
  1672 | D        | Noticed a centaur warrior
  1684 | D        | Killed a skeletal warrior
  1684 | D        | Received a gift from Trog
  1689 | D        | Killed a yaktaur captain
  1772 | D        | Killed Kirke
  1800 | D        | Noticed an iron elemental
  1817 | D        | Reached skill level 10 in Axes
  1822 | D        | Killed an iron elemental
  1822 | D        | Reached ****** piety under Trog
  1837 | D        | HP: 3/118 [centaur warrior (8)]
  1837 | D        | Slain by a centaur warrior

Illustrated notes

Levels and vault maps discovered:
D:        the_violet_keep_of_menkaure [sprint2_stairs_cluster_1,
          sprint2_shoproom, sprint2_temple, sprint2_basic_supplies,
          sprint2_obstacle_7, sprint2_obstacle_5, sprint2_obstacle_4,
          sprint2_obstacle_3, sprint2_obstacle_6, sprint2_timed_cluster_1,
          sprint2_smallroom_cluster_1, sprint2_smallroom_final_cluster_1,
          sprint2_transparent_cluster_1, sprint2_second_timed_cluster_1,
          sprint2_sniper_area_1, sprint2_heavy_combat_area_1,
          sprint2_mutation_trap_area_1, sprint2_forest_area_1,
          sprint2_light_combat_area_1, sprint2_behind_water_1,
          sprint2_near_end_vault_1]

Skill      XL: |  1  2  3  4  5  6  7  8  9 10 11 |
---------------+----------------------------------+-----
Fighting       | 8 9 10 11 13 14 15 17 | 17.7
Armour         | 4 5 6 7 9 13 14 | 14.3
Dodging        | 3 4 5 6 7 8 9 |  9.5
Unarmed Combat | 7 9 10 11 13 15 18 19 | 19.9
Stealth        | 1 |  1.8
Axes           | 5 10 | 10.9

Action                   |  1- 3 |  4- 6 |  7- 9 | 10-12 || total
-------------------------+-------+-------+-------+-------++-------
Melee: Unarmed           |     6 |    16 |    75 |    10 ||   107
       Headbutt          |       |     2 |    10 |    12 ||    24
       Punch             |       |     2 |     6 |       ||     8
       Executioner's axe |       |       |       |    42 ||    42
Invok: Berserk           |     1 |       |     4 |     5 ||    10
  Use: Scroll            |       |       |    11 |       ||    11
       Potion            |       |       |       |     2 ||     2
Armor: Chain mail        |       |       |    24 |    39 ||    63
Dodge: Dodged            |     2 |     7 |    34 |    31 ||    74
